 Dungeon Sprint DCSS version 0.21-a0-274-gc1afaeb (webtiles) character file.

8717 potatolord6000 the Severer (level 11, -1/111 HPs)
             Began as a Hill Orc Fighter on Sept 19, 2017.
             Was the Champion of Beogh.
             Succumbed to a hornet's poison
             ... while paralysed by a hornet
             ... in the Dungeon (Sprint VII: "The Pits").
             The game lasted 00:04:53 (1945 turns).

potatolord6000 the Severer (Hill Orc Fighter)       Turns: 1945, Time: 00:04:54

Health: -1/111     AC: 25    Str: 28    XL:     11   Next: 35%
Magic:  22/22      EV:  2    Int: 13    God:    Beogh [******]
Gold:   0          SH:  0    Dex: 18    Spells: 10/10 levels left

rFire    . . .     SeeInvis .   v - +2 war axe (chop)
rCold    . . .     Gourm    .   c - +0 shield
rNeg     . . .     Faith    .   x - +3 plate armour
rPois    .         Spirit   .   w - +0 helmet
rElec    .         Reflect  .   a - +0 cloak
rCorr    .         Harm     .   (no gloves)
MR       .....     NoTele   +   (no boots)
Stlth    ..........             (no amulet)
HPRegen  0.28/turn              b - +3 ring of dexterity
MPRegen  0.18/turn              s - +3 ring of protection

@: paralysed, mighty, brilliant, agile, lethally poisoned (-1 -> -34), weakened,
slowed
A: walk on water
a: Smiting, Recall Orcish Followers, Give Item to Named Follower, Resurrection,
Renounce Religion


You were in the Dungeon.
You worshipped Beogh.
Beogh was exalted by your worship.
You were full.

You visited 1 branch

Inventory:

Hand Weapons
 v - a +2 war axe of chopping (weapon)
Armour
 a - a +0 cloak (worn)
 c - a +0 shield (worn)
 w - a +0 helmet (worn)
 x - a +3 plate armour (worn)
Jewellery
 b - a +3 ring of dexterity (left hand)
 s - a +3 ring of protection (right hand)
Scrolls
 k - a scroll of blinking
 m - 3 scrolls of remove curse
 n - 5 scrolls of amnesia
 o - a scroll of summoning
Potions
 e - 3 potions of curing
 g - a potion of heal wounds
 i - 3 potions of magic
 j - 4 potions of berserk rage
 l - 2 potions of invisibility
Comestibles
 f - 8 bread rations
 p - 40 fruits
 q - 5 meat rations


   Skills:
 + Level 14.7 Fighting
 + Level 15.5 Axes
 + Level 13.6 Armour
 + Level 13.5 Shields
 + Level 15.1 Invocations


You had 10 spell levels left.
You didn't know any spells.

Dungeon Overview and Level Annotations

Branches:
Dungeon (1/1)

Altars:
Ashenzari
Cheibriados
Dithmenos
Elyvilon
Fedhas
Gozag
Hepliaklqana
Kikubaaqudgha
Makhleb
Nemelex Xobeh
Okawaru
Qazlal
Ru
Sif Muna
Trog
Uskayaw
Vehumet
Wu Jian
Xom
Yredelemnul
Zin
The Shining One
Beogh
Jiyva
Lugonu


Message History

The orange demon poisons you! The orange demon hits you.
* * * LOW HITPOINT WARNING * * *
You feel as though you will be weak longer.
The hornet stings you!
* * * LOW HITPOINT WARNING * * *
You feel yourself slow down.
Your orc sorcerer hits the orange demon with a dagger.
You feel yourself speed up.
* * * LOW HITPOINT WARNING * * *
You feel very sick.
The hornet stings you but does no damage.
The spriggan rider completely misses you.
The orange demon stings you but does no damage.
The orange demon hits you but does no damage.
Your orc sorcerer hits the orange demon with a dagger.
The hornet stings you!
* * * LOW HITPOINT WARNING * * *
You are more poisoned.
You feel yourself slow down.
You die...

## ####### ##### ###
..)รท..###...## ....
.#'#..)......## #...#
##.##....)#...# #.....
#...##)..###..# #......
.....##(##.##.###i......
.....#...#.#..4#o4......
.....+.(.+.'..44@y......
.....#...#.#...#o.......
.....##)##.##.###.......
#...##..)###..# #......
##.##.....#...# #.....
#+#.........## #...#
......###...## ....
###### ##### ###


You could see a spriggan rider, an orange demon, a hornet, a friendly rust
devil, 2 friendly orc sorcerers and 2 friendly red devils.

Vanquished Creatures
  A hydra (D)
  Urug (D)
  2 sea snakes (D)
  A phantasmal warrior (D)
  3 orc sorcerers (D)
  A manticore (D)
  2 spiny frogs (D)
  A gargoyle (D)
  A komodo dragon (D)
  A rime drake (D)
  A freezing wraith (D)
  A tyrant leech (D)
  A hippogriff (D)
  A snapping turtle (D)
  A spriggan (D)
  A basilisk (D)
  3 vampire mosquitoes (D)
  Duvessa (D)
  A swamp drake (D)
  A black bear (D)
  A bullfrog (D)
  Dowan (D)
  2 crimson imps (D)
  A jelly (D)
  An iron imp (D)
  2 worker ants (D)
  2 adders (D)
  A white imp (D)
  A worm (D)
  A giant cockroach (D)
  A goblin (D)
  A hobgoblin (D)
  6 jackals (D)
  A kobold (D)
  2 quokkas (D)
  A ball python (D)
  A ball python skeleton (D)
  A bat (D)
  A frilled lizard (D)
  A rat (D)
55 creatures vanquished.

Vanquished Creatures (collateral kills)
  An unseen horror (D)
  A guardian serpent (D)
  A gargoyle (D)
  A warg (D)
  A leopard gecko (D)
  A kobold (D)
6 creatures vanquished.

Vanquished Creatures (others)
  A troll (D)
  An orc priest (D)
  An orc warrior (D)
  2 orc wizards (D)
5 creatures vanquished.

Grand Total: 66 creatures vanquished

Notes
Turn   | Place    | Note
-------+----------+-------------------------------------------
     0 | D        | potatolord6000 the Hill Orc Fighter began the quest for the Orb.
     0 | D        | Reached XP level 1. HP: 19/19 MP: 1/1
    27 | D        | Reached XP level 2. HP: 12/27 MP: 2/2
   289 | D        | Found a bloodstained altar of Trog.
   289 | D        | Found a deep blue altar of Sif Muna.
   289 | D        | Found a viscous altar of Jiyva.
   289 | D        | Found a hazy altar of Hepliaklqana.
   289 | D        | Found an opulent altar of Gozag.
   290 | D        | Found a glowing golden altar of the Shining One.
   290 | D        | Found a glowing silver altar of Zin.
   290 | D        | Found a basalt altar of Yredelemnul.
   290 | D        | Found a shimmering altar of Xom.
   290 | D        | Found an ornate altar of the Wu Jian Council.
   290 | D        | Found a sacrificial altar of Ru.
   290 | D        | Found a stormy altar of Qazlal.
   290 | D        | Found an iron altar of Okawaru.
   290 | D        | Found a sparkling altar of Nemelex Xobeh.
   290 | D        | Found a burning altar of Makhleb.
   290 | D        | Found a blossoming altar of Fedhas.
   290 | D        | Found a white marble altar of Elyvilon.
   290 | D        | Found a shadowy altar of Dithmenos.
   290 | D        | Found a snail-covered altar of Cheibriados.
   292 | D        | Found a radiant altar of Vehumet.
   292 | D        | Found a corrupted altar of Lugonu.
   292 | D        | Found a roughly hewn altar of Beogh.
   294 | D        | Found an ancient bone altar of Kikubaaqudgha.
   294 | D        | Found a hide-covered altar of Uskayaw.
   294 | D        | Found a shattered altar of Ashenzari.
   302 | D        | Became a worshipper of Beogh the Brigand
   403 | D        | Reached * piety under Beogh
   403 | D        | Reached XP level 3. HP: 35/35 MP: 2/4
   410 | D        | Reached skill level 5 in Fighting
   433 | D        | Reached skill level 5 in Axes
   433 | D        | Reached skill level 5 in Armour
   433 | D        | Reached skill level 5 in Shields
   433 | D        | Reached XP level 4. HP: 37/42 MP: 4/6
   434 | D        | Reached ** piety under Beogh
   522 | D        | Noticed a bullfrog
   555 | D        | Killed a bullfrog
   555 | D        | Reached *** piety under Beogh
   555 | D        | Reached skill level 5 in Invocations
   555 | D        | Reached XP level 5. HP: 28/51 MP: 7/9
   778 | D        | Noticed a phantasmal warrior
   781 | D        | Killed a phantasmal warrior
   781 | D        | Reached XP level 6. HP: 31/64 MP: 3/12
   781 | D        | Reached XP level 7. HP: 34/70 MP: 3/13
   953 | D        | Reached **** piety under Beogh
   962 | D        | Reached skill level 10 in Axes
   979 | D        | Noticed a snapping turtle
   979 | D        | Noticed a six-headed hydra
   983 | D        | Killed a six-headed hydra
   983 | D        | Reached skill level 10 in Fighting
   983 | D        | Reached skill level 10 in Armour
   983 | D        | Reached skill level 10 in Invocations
   983 | D        | Reached XP level 8. HP: 62/81 MP: 5/16
   996 | D        | Killed a snapping turtle
   996 | D        | Reached skill level 10 in Shields
   996 | D        | Reached XP level 9. HP: 49/89 MP: 13/17
  1229 | D        | Reached ***** piety under Beogh
  1272 | D        | Noticed a tyrant leech
  1272 | D        | Noticed a rime drake
  1272 | D        | Noticed an orc sorcerer
  1272 | D        | Noticed a spiny frog
  1282 | D        | Killed a tyrant leech
  1296 | D        | Killed a rime drake
  1296 | D        | Reached ****** piety under Beogh
  1297 | D        | Noticed a hellwing
  1300 | D        | Noticed a smoke demon
  1301 | D        | Killed a spiny frog
  1305 | D        | Killed an orc sorcerer
  1305 | D        | Reached XP level 10. HP: 95/100 MP: 19/19
  1432 | D        | Noticed a sea snake
  1440 | D        | Killed a sea snake
  1478 | D        | Noticed a gargoyle
  1479 | D        | Noticed a guardian serpent
  1486 | D        | Killed a gargoyle
  1492 | D        | Killed a guardian serpent
  1500 | D        | Noticed an orc sorcerer
  1503 | D        | Killed an orc sorcerer
  1509 | D        | Noticed a gargoyle
  1513 | D        | Killed a gargoyle
  1854 | D        | Killed an unseen horror
  1918 | D        | Noticed a manticore
  1918 | D        | Noticed a spriggan rider
  1918 | D        | Noticed Duvessa
  1918 | D        | Noticed Dowan
  1918 | D        | Noticed a spiny frog
  1919 | D        | Noticed Urug
  1919 | D        | Noticed a sea snake
  1920 | D        | Noticed an orange demon
  1920 | D        | Noticed a spriggan rider
  1920 | D        | Noticed an orc sorcerer
  1925 | D        | Killed Duvessa
  1926 | D        | Killed a sea snake
  1926 | D        | Reached XP level 11. HP: 94/110 MP: 21/21
  1927 | D        | Killed Dowan
  1932 | D        | Reached skill level 15 in Axes
  1933 | D        | Killed Urug
  1934 | D        | Killed an orc sorcerer
  1935 | D        | Killed a manticore
  1935 | D        | Reached skill level 15 in Invocations
  1942 | D        | Paralysed by a hornet for 3 turns
  1944 | D        | HP: 2/111 [hornet (11)]
  1945 | D        | Succumbed to a hornet's poison

Vault maps used:
D:        pitsprint

Skill      XL: |  1  2  3  4  5  6  7  8  9 10 11 |
---------------+----------------------------------+-----
Fighting       | 4 5 6 9 10 11 12 14 | 14.7
Axes           | 3 4 5 6 9 11 13 14 15 | 15.5
Armour         | 4 5 6 8 10 11 13 | 13.6
Shields        | 4 5 6 8 9 10 11 13 | 13.5
Invocations    | 2 3 5 8 10 11 12 14 15 | 15.1

Action                   |  1- 3 |  4- 6 |  7- 9 | 10-12 || total
-------------------------+-------+-------+-------+-------++-------
Melee: War axe           |    42 |    52 |    60 |    57 ||   211
Invok: Smiting           |       |     2 |     7 |     1 ||    10
       Resurrection      |       |       |       |     2 ||     2
  Use: Potion            |       |       |     6 |    15 ||    21
 Stab: Confused          |       |       |     2 |       ||     2
  Eat: Meat ration       |       |       |     2 |       ||     2
Armor: Scale mail        |    23 |     2 |       |       ||    25
       Chain mail        |       |    19 |    12 |       ||    31
       Plate armour      |       |       |    21 |    80 ||   101
Dodge: Dodged            |    17 |    10 |    15 |    38 ||    80
Block: Shield            |    19 |    27 |    37 |    72 ||   155

Table legend:
 A = Spawn XP
 B = Non-spawn XP
 C = Spawn XP percentage of total XP
 D = Spawn monster count
 E = Non-spawn monster count
 F = Spawn count percentage of total count
 G = Total turns spent on level
                    A         B        C        D         E        F      G
               +---------+---------+-------+---------+---------+-------+---------
         Total |       0 |   12453 |   0.0 |       0 |      62 |   0.0 |  1945
               +---------+---------+-------+---------+---------+-------+---------
             D |       0 |   12453 |   0.0 |       0 |      62 |   0.0 |  1945
               +---------+---------+-------+---------+---------+-------+---------
